 Dungeon Sprint DCSS version 0.27-a0-1232-gc6a4cbde82 (webtiles) character file.

Game seed: 7735188614980301279

6900000 packetloss the Axe Maniac (level 27, -87/174 HPs)
             Began as a Spriggan Necromancer on June 8, 2021.
             Was the Champion of Makhleb.
             Annihilated by The Servant
             ... wielding a +9 glaive of flaming
              (141 damage)
             ... in the Dungeon (Sprint VIII: "Arena of Blood").
             The game lasted 00:04:47 (69 turns).

packetloss the Axe Maniac (Spriggan Necromancer)      Turns: 69, Time: 00:04:49

Health: -87/174    AC:  4    Str:  4    XL:     27
Magic:  18/55      EV: 51    Int: 18    God:    Makhleb [******]
Gold:   0          SH:  0    Dex: 27    Spells: 79/80 levels left

rFire    + . .     SeeInvis +   b - +∞ Axe of Woe
rCold    . . .     Faith    .   (shield currently unavailable)
rNeg     . . .     Spirit   .   a - +0 robe
rPois    .         Reflect  .   (helmet restricted)
rElec    .         Harm     .   (no cloak)
rCorr    .         Rampage  .   (gloves unavailable)
Will     ++++.     NoTele   +   (boots unavailable)
Stlth    ++++++++++             (no amulet)
HPRegen  0.39/turn              j - ring of protection from fire
MPRegen  0.34/turn              (no ring)

@: very quick
A: very small, no large weapons, unfitting armour, see invisible, speed 3
a: Renounce Religion, Minor Destruction, Lesser Servant of Makhleb, Major
Destruction, Greater Servant of Makhleb


You were in the Dungeon.
You worshipped Makhleb.
Makhleb was exalted by your worship.
You visited 1 branch

Inventory:

Hand Weapons
 b - the +∞ Axe of Woe (weapon)
   (You found it in the Dungeon)
Armour
 a - a +0 robe (worn)
Jewellery
 i - a +30 ring of slaying
 j - a ring of protection from fire (left hand)
Scrolls
 h - a scroll of blinking
Potions
 c - a potion of curing
 d - a potion of heal wounds
 e - a potion of haste
 f - 2 potions of magic
 g - a potion of berserk rage


   Skills:
 O Level 27 Fighting
 + Level 21.6(24.2) Short Blades
 + Level 16.1(19.1) Long Blades
 O Level 27 Axes
 O Level 27 Maces & Flails
 O Level 27 Polearms
 O Level 27 Staves
 + Level 21.5(24.6) Slings
 + Level 21.5 Bows
 + Level 18.7 Crossbows
 + Level 18.7(21.4) Throwing
 O Level 27 Armour
 O Level 27 Dodging
 O Level 27 Stealth
 + Level 15.0 Shields
 O Level 27 Unarmed Combat
 O Level 27 Spellcasting
 + Level 15.0 Conjurations
 + Level 21.5 Hexes
 + Level 17.5 Summonings
 O Level 27 Necromancy
 + Level 26.6 Translocations
 + Level 24.8 Transmutations
 + Level 17.5 Fire Magic
 + Level 17.5 Ice Magic
 + Level 18.8 Air Magic
 + Level 18.8 Earth Magic
 + Level 20.2 Poison Magic
 O Level 27 Invocations
 + Level 24.8 Evocations


You had 79 spell levels left.
You knew the following spells:

 Your Spells              Type           Power      Damage    Failure   Level
a - Pain                  Necr           100%       1d9       0%          1

Your spell library contained the following spells:

 Spells                   Type           Power      Damage    Failure   Level
 Animate Skeleton         Necr           100%       N/A       0%          1
 Vampiric Draining        Necr           44%        2d12      0%          3
 Animate Dead             Necr           44%        N/A       0%          4
 Agony                    Necr           88%        N/A       0%          5


Dungeon Overview and Level Annotations

Branches:
Dungeon (1/1)

Altars:
Makhleb

Annotations:
D The Servant


Innate Abilities, Weirdness & Mutations

You are very small and have problems with some larger weapons.
You are too small for most types of armour.
You have supernaturally acute eyesight. (SInv)
You cover ground extremely quickly. (Speed+++)


Message History

Your Poison Magic skill gained 3 levels and is now at level 20!
Your Evocations skill gained 2 levels and is now at level 24!
You take 74 damage, and have 51/174 hp.
MASSIVE DAMAGE!!
Unknown command.
Unknown command.
You hear a shout! x6
The accursed hits you.
* * * LOW HITPOINT WARNING * * *
You hear a shout! x2
The large abomination completely misses you.
Items here: ))) === ††.
Unknown command.
You take 5 damage, and have 46/174 hp.
Unknown command.
Unknown command.
Unknown command.
You slice the accursed like a ripe choko!!!
You butcher the accursed messily.
You destroy the accursed!
Makhleb accepts your kill.
You feel better.
You hit the large abomination.
You cleave the large abomination in twain.
You destroy the large abomination!
You hit the large abomination.
You butcher the large abomination messily.
You destroy the large abomination!
You hit the meat berserker.
You pulverise the meat berserker into a thin bloody mist.
You kill the meat berserker!
Makhleb accepts your kill.
You feel better.
You feel extremely nervous for a moment...
Your body is wracked with pain!
You hear a shout! x2
The tyrant gestures wildly while chanting.
The destroyer blinks!
The Servant is engulfed in blazing flames.
The Servant hits you from afar with a +9 glaive of flaming!!!!
Ouch! That really hurt!
You die...

...###......#o..
#....#......V......
#....oo..#.........
#.o.zO....#.o......
#.O..ooOooV§☼#Oo...
#Xo.oo...o#o)..o.##
#.L.o#.§.oOooo.....
#Xo.o##oooooo.#)...
#X@oX.#.Oo)o#..).).
#§§...o###oo.))).))
#)@o.o##.@§o#...)).
#§§o.#Lo...V..#.)))
#....#.)...........
#..V§............##
#.........O.......
#..................
#.........#..§....


You could see 2 tyrants, The Servant, a destroyer, a sculptor of flesh, a large
bag of meat (inner flame), 4 large abominations, 2 meat berserkers and 17 bags
of meat.

Vanquished Creatures
  2 hell beasts (D)
  2 royal mummies (D)
  10 vampire knights (D)
  16 ogres (D)
  3 two-headed ogres (D)
  A hydra (D)
  37 orcs (D)
71 creatures vanquished.

Notes
Turn   | Place    | Note
-------+----------+-------------------------------------------
     0 | D        | Found the +∞ Axe of Woe
     0 | D        | packetloss the Spriggan Necromancer began the quest for the
                  | Orb.
     0 | D        | Reached XP level 1. HP: 9/9 MP: 5/5
     0 | D        | Noticed a bag of meat
     2 | D        | Noticed a bag of meat
     4 | D        | Became a worshipper of Makhleb the Destroyer
     6 | D        | Killed a bag of meat
     7 | D        | Reached skill level 18 in Dodging
     7 | D        | Reached skill level 21 in Stealth
     7 | D        | Reached skill level 17 in Spellcasting
     7 | D        | Reached skill level 13 in Necromancy
     7 | D        | Reached XP level 2. HP: 13/13 MP: 5/21
     7 | D        | Reached XP level 3. HP: 16/16 MP: 5/22
     7 | D        | Reached XP level 4. HP: 21/21 MP: 5/24
     7 | D        | Reached XP level 5. HP: 24/24 MP: 5/25
     7 | D        | Reached XP level 6. HP: 28/28 MP: 5/27
     7 | D        | Reached XP level 7. HP: 32/32 MP: 5/28
     7 | D        | Reached XP level 8. HP: 36/36 MP: 5/30
     7 | D        | Reached XP level 9. HP: 39/39 MP: 5/31
     7 | D        | Reached XP level 10. HP: 44/44 MP: 5/32
     7 | D        | Reached XP level 11. HP: 47/47 MP: 5/33
     9 | D        | Noticed a bag of meat
    10 | D        | Noticed a bag of meat
    10 | D        | Noticed a bag of meat
    11 | D        | Noticed a bag of meat
    11 | D        | Noticed a meat berserker
    12 | D        | Noticed a bag of meat
    13 | D        | Noticed a meat berserker
    13 | D        | Noticed a bag of meat
    14 | D        | Noticed a meat berserker
    14 | D        | Noticed a bag of meat
    15 | D        | Noticed a bag of meat
    15 | D        | Killed a bag of meat
    15 | D        | Reached * piety under Makhleb
    15 | D        | Noticed a meat berserker
    15 | D        | Noticed a bag of meat
    15 | D        | Noticed a bag of meat
    15 | D        | Noticed a bag of meat
    16 | D        | Reached skill level 14 in Axes
    16 | D        | Reached XP level 12. HP: 24/51 MP: 6/34
    16 | D        | Killed a meat berserker
    16 | D        | Killed a bag of meat
    16 | D        | Killed a bag of meat
    16 | D        | Reached ** piety under Makhleb
    16 | D        | Noticed a bag of meat
    16 | D        | Noticed a meat berserker
    17 | D        | Reached skill level 25 in Axes
    17 | D        | Reached XP level 13. HP: 55/55 MP: 6/35
    17 | D        | Reached XP level 14. HP: 59/59 MP: 6/36
    17 | D        | Reached XP level 15. HP: 63/63 MP: 6/37
    17 | D        | Noticed a large bag of meat
    18 | D        | Killed a meat berserker
    19 | D        | Reached skill level 27 in Axes
    19 | D        | Reached skill level 25 in Dodging
    19 | D        | Killed a meat berserker
    20 | D        | Reached skill level 27 in Dodging
    20 | D        | Reached skill level 15 in Fighting
    20 | D        | Reached XP level 16. HP: 95/95 MP: 7/38
    20 | D        | Noticed a meat berserker
    21 | D        | Killed a meat berserker
    21 | D        | Reached *** piety under Makhleb
    22 | D        | Reached skill level 21 in Fighting
    22 | D        | Reached XP level 17. HP: 110/110 MP: 7/39
    22 | D        | Noticed a meat berserker
    23 | D        | Reached **** piety under Makhleb
    24 | D        | Reached skill level 27 in Fighting
    24 | D        | Reached skill level 20 in Spellcasting
    24 | D        | Reached skill level 16 in Necromancy
    24 | D        | Reached XP level 18. HP: 127/127 MP: 7/43
    24 | D        | Killed a meat berserker
    25 | D        | Reached skill level 27 in Spellcasting
    25 | D        | Reached skill level 23 in Necromancy
    25 | D        | Reached XP level 19. HP: 132/132 MP: 8/51
    25 | D        | Noticed a destroyer
    25 | D        | Noticed a meat berserker
    27 | D        | Noticed a destroyer
    28 | D        | Killed a destroyer
    28 | D        | Reached ***** piety under Makhleb
    29 | D        | Reached skill level 27 in Stealth
    29 | D        | Reached skill level 27 in Necromancy
    29 | D        | Reached skill level 5 in Maces & Flails
    29 | D        | Reached skill level 5 in Polearms
    29 | D        | Reached skill level 5 in Armour
    29 | D        | Reached skill level 6 in Unarmed Combat
    29 | D        | Reached skill level 7 in Invocations
    29 | D        | Noticed a large bag of meat
    29 | D        | Noticed a destroyer
    29 | D        | Killed a destroyer
    29 | D        | Noticed a large bag of meat
    29 | D        | Noticed a destroyer
    30 | D        | Reached skill level 13 in Maces & Flails
    30 | D        | Reached skill level 13 in Polearms
    30 | D        | Reached skill level 13 in Armour
    30 | D        | Reached skill level 14 in Unarmed Combat
    30 | D        | Reached skill level 16 in Invocations
    30 | D        | Reached XP level 20. HP: 137/137 MP: 9/52
    30 | D        | Noticed The Servant
    30 | D        | Noticed an eight-headed meat hydra
    30 | D        | Noticed a meat berserker
    32 | D        | Noticed a meat berserker
    33 | D        | Killed a meat berserker
    34 | D        | Reached skill level 15 in Maces & Flails
    34 | D        | Reached skill level 15 in Polearms
    34 | D        | Reached skill level 15 in Armour
    34 | D        | Reached skill level 16 in Unarmed Combat
    34 | D        | Reached skill level 19 in Invocations
    34 | D        | Reached XP level 21. HP: 72/142 MP: 9/53
    34 | D        | Reached ****** piety under Makhleb
    34 | D        | Noticed a destroyer
    35 | D        | Reached skill level 17 in Unarmed Combat
    35 | D        | Noticed a destroyer
    35 | D        | Killed a large bag of meat
    36 | D        | Reached skill level 17 in Maces & Flails
    36 | D        | Reached skill level 17 in Polearms
    36 | D        | Reached skill level 17 in Armour
    36 | D        | Reached skill level 18 in Unarmed Combat
    36 | D        | Reached skill level 21 in Invocations
    36 | D        | Noticed a destroyer
    37 | D        | Reached skill level 19 in Unarmed Combat
    37 | D        | Noticed a destroyer
    37 | D        | Killed a large bag of meat
    37 | D        | Noticed a large bag of meat
    38 | D        | Reached skill level 18 in Maces & Flails
    38 | D        | Reached skill level 18 in Polearms
    38 | D        | Reached skill level 18 in Armour
    38 | D        | Reached skill level 22 in Invocations
    38 | D        | Killed a destroyer
    38 | D        | Killed a destroyer
    39 | D        | Reached skill level 20 in Maces & Flails
    39 | D        | Reached skill level 20 in Polearms
    39 | D        | Reached skill level 20 in Armour
    39 | D        | Reached skill level 22 in Unarmed Combat
    39 | D        | Reached skill level 25 in Invocations
    39 | D        | Reached XP level 22. HP: 41/148 MP: 11/54
    39 | D        | HP: 35/148 [bag of meat/+9 war axe (6)]
    40 | D        | Killed a destroyer
    40 | D        | Killed a destroyer
    40 | D        | Killed a destroyer
    41 | D        | Reached skill level 24 in Maces & Flails
    41 | D        | Reached skill level 24 in Polearms
    41 | D        | Reached skill level 24 in Armour
    41 | D        | Reached skill level 26 in Unarmed Combat
    41 | D        | Reached skill level 27 in Invocations
    41 | D        | Reached XP level 23. HP: 153/153 MP: 11/55
    43 | D        | Noticed a destroyer
    44 | D        | Noticed a destroyer
    44 | D        | Noticed a destroyer
    45 | D        | Noticed an accursed
    47 | D        | Noticed a large bag of meat
    48 | D        | Killed an accursed
    48 | D        | Killed a destroyer
    49 | D        | Reached skill level 27 in Maces & Flails
    49 | D        | Reached skill level 27 in Polearms
    49 | D        | Reached skill level 27 in Armour
    49 | D        | Reached skill level 27 in Unarmed Combat
    49 | D        | Reached skill level 15 in Staves
    49 | D        | Reached XP level 24. HP: 118/158 MP: 13/55
    49 | D        | Noticed an accursed
    53 | D        | HP: 27/158 [destroyer/+9 vorpal great sword (92)]
    53 | D        | HP: 9/158 [destroyer/+9 vorpal great sword (18)]
    53 | D        | HP: 1/158 [destroyer/+9 vorpal great sword (8)]
    54 | D        | Killed a destroyer
    55 | D        | Reached skill level 22 in Staves
    55 | D        | Reached XP level 25. HP: 33/163 MP: 14/55
    56 | D        | Reached skill level 27 in Staves
    57 | D        | Noticed a tyrant
    59 | D        | Reached skill level 3 in Short Blades
    59 | D        | Reached skill level 2 in Long Blades
    59 | D        | Reached skill level 3 in Slings
    59 | D        | Reached skill level 3 in Bows
    59 | D        | Reached skill level 3 in Crossbows
    59 | D        | Reached skill level 3 in Throwing
    59 | D        | Reached skill level 2 in Shields
    59 | D        | Reached skill level 2 in Conjurations
    59 | D        | Reached skill level 3 in Hexes
    59 | D        | Reached skill level 2 in Summonings
    59 | D        | Reached skill level 5 in Translocations
    59 | D        | Reached skill level 4 in Transmutations
    59 | D        | Reached skill level 2 in Fire Magic
    59 | D        | Reached skill level 2 in Ice Magic
    59 | D        | Reached skill level 3 in Air Magic
    59 | D        | Reached skill level 3 in Earth Magic
    59 | D        | Reached skill level 3 in Poison Magic
    59 | D        | Reached skill level 4 in Evocations
    60 | D        | Reached skill level 9 in Short Blades
    60 | D        | Reached skill level 6 in Long Blades
    60 | D        | Reached skill level 9 in Slings
    60 | D        | Reached skill level 9 in Bows
    60 | D        | Reached skill level 7 in Crossbows
    60 | D        | Reached skill level 7 in Throwing
    60 | D        | Reached skill level 5 in Shields
    60 | D        | Reached skill level 5 in Conjurations
    60 | D        | Reached skill level 9 in Hexes
    60 | D        | Reached skill level 6 in Summonings
    60 | D        | Reached skill level 11 in Translocations
    60 | D        | Reached skill level 10 in Transmutations
    60 | D        | Reached skill level 6 in Fire Magic
    60 | D        | Reached skill level 6 in Ice Magic
    60 | D        | Reached skill level 7 in Air Magic
    60 | D        | Reached skill level 7 in Earth Magic
    60 | D        | Reached skill level 8 in Poison Magic
    60 | D        | Reached skill level 10 in Evocations
    60 | D        | Reached XP level 26. HP: 164/169 MP: 15/55
    60 | D        | Noticed a meat beast
    61 | D        | Killed a meat beast
    61 | D        | Noticed a tyrant
    62 | D        | Reached skill level 15 in Short Blades
    62 | D        | Reached skill level 11 in Long Blades
    62 | D        | Reached skill level 15 in Slings
    62 | D        | Reached skill level 15 in Bows
    62 | D        | Reached skill level 12 in Crossbows
    62 | D        | Reached skill level 12 in Throwing
    62 | D        | Reached skill level 10 in Shields
    62 | D        | Reached skill level 10 in Conjurations
    62 | D        | Reached skill level 15 in Hexes
    62 | D        | Reached skill level 12 in Summonings
    62 | D        | Reached skill level 18 in Translocations
    62 | D        | Reached skill level 17 in Transmutations
    62 | D        | Reached skill level 12 in Fire Magic
    62 | D        | Reached skill level 12 in Ice Magic
    62 | D        | Reached skill level 13 in Air Magic
    62 | D        | Reached skill level 13 in Earth Magic
    62 | D        | Reached skill level 14 in Poison Magic
    62 | D        | Reached skill level 17 in Evocations
    62 | D        | Reached XP level 27. HP: 161/174 MP: 16/55
    62 | D        | Noticed a meat beast
    62 | D        | Killed a destroyer
    62 | D        | Killed a large bag of meat
    63 | D        | Reached skill level 17 in Short Blades
    63 | D        | Reached skill level 13 in Long Blades
    63 | D        | Reached skill level 17 in Slings
    63 | D        | Reached skill level 17 in Bows
    63 | D        | Reached skill level 15 in Crossbows
    63 | D        | Reached skill level 15 in Throwing
    63 | D        | Reached skill level 12 in Shields
    63 | D        | Reached skill level 12 in Conjurations
    63 | D        | Reached skill level 17 in Hexes
    63 | D        | Reached skill level 14 in Summonings
    63 | D        | Reached skill level 21 in Translocations
    63 | D        | Reached skill level 20 in Transmutations
    63 | D        | Reached skill level 14 in Fire Magic
    63 | D        | Reached skill level 14 in Ice Magic
    63 | D        | Reached skill level 15 in Air Magic
    63 | D        | Reached skill level 15 in Earth Magic
    63 | D        | Reached skill level 16 in Poison Magic
    63 | D        | Reached skill level 20 in Evocations
    65 | D        | Reached skill level 18 in Short Blades
    65 | D        | Reached skill level 18 in Slings
    65 | D        | Reached skill level 18 in Bows
    65 | D        | Reached skill level 18 in Hexes
    65 | D        | Reached skill level 22 in Translocations
    65 | D        | Reached skill level 21 in Transmutations
    65 | D        | Reached skill level 17 in Poison Magic
    65 | D        | Reached skill level 21 in Evocations
    66 | D        | Reached skill level 19 in Short Blades
    66 | D        | Reached skill level 14 in Long Blades
    66 | D        | Reached skill level 19 in Slings
    66 | D        | Reached skill level 19 in Bows
    66 | D        | Reached skill level 16 in Crossbows
    66 | D        | Reached skill level 16 in Throwing
    66 | D        | Reached skill level 13 in Shields
    66 | D        | Reached skill level 13 in Conjurations
    66 | D        | Reached skill level 19 in Hexes
    66 | D        | Reached skill level 15 in Summonings
    66 | D        | Reached skill level 23 in Translocations
    66 | D        | Reached skill level 22 in Transmutations
    66 | D        | Reached skill level 15 in Fire Magic
    66 | D        | Reached skill level 15 in Ice Magic
    66 | D        | Reached skill level 16 in Air Magic
    66 | D        | Reached skill level 16 in Earth Magic
    66 | D        | Reached skill level 22 in Evocations
    67 | D        | Killed a meat beast
    68 | D        | Reached skill level 21 in Short Blades
    68 | D        | Reached skill level 16 in Long Blades
    68 | D        | Reached skill level 21 in Slings
    68 | D        | Reached skill level 21 in Bows
    68 | D        | Reached skill level 18 in Crossbows
    68 | D        | Reached skill level 18 in Throwing
    68 | D        | Reached skill level 15 in Shields
    68 | D        | Reached skill level 15 in Conjurations
    68 | D        | Reached skill level 21 in Hexes
    68 | D        | Reached skill level 17 in Summonings
    68 | D        | Reached skill level 26 in Translocations
    68 | D        | Reached skill level 24 in Transmutations
    68 | D        | Reached skill level 17 in Fire Magic
    68 | D        | Reached skill level 17 in Ice Magic
    68 | D        | Reached skill level 18 in Air Magic
    68 | D        | Reached skill level 18 in Earth Magic
    68 | D        | Reached skill level 20 in Poison Magic
    68 | D        | Reached skill level 24 in Evocations
    69 | D        | Killed an accursed
    69 | D        | Annihilated by The Servant

Illustrated notes

Levels and vault maps discovered:
D:        meatsprint

Skill      XL: |  1  2  3  4  5  6  7  8  9 10 11 12 13 14 15 16 17 18 19 20 21 22 23 24 25 26 27 |
---------------+----------------------------------------------------------------------------------+-----
Dodging        | 18 27 | 27.0
Stealth        | 21 27 | 27.0
Spellcasting   | 17 20 27 | 27.0
Necromancy     | 13 16 23 27 | 27.0
Axes           | 14 25 27 | 27.0
Fighting       | 15 21 27 | 27.0
Maces & Flails | 13 15 20 24 27 | 27.0
Polearms       | 13 15 20 24 27 | 27.0
Armour         | 13 15 20 24 27 | 27.0
Unarmed Combat | 14 16 22 26 27 | 27.0
Invocations    | 16 19 25 27 | 27.0
Staves         | 15 22 27 | 27.0
Short Blades   | 9 15 21 | 21.6
Long Blades    | 6 11 16 | 16.1
Slings         | 9 15 21 | 21.5
Bows           | 9 15 21 | 21.5
Crossbows      | 7 12 18 | 18.7
Throwing       | 7 12 18 | 18.7
Shields        | 5 10 15 | 15.0
Conjurations   | 5 10 15 | 15.0
Hexes          | 9 15 21 | 21.5
Summonings     | 6 12 17 | 17.5
Translocations | 11 18 26 | 26.6
Transmutations | 10 17 24 | 24.8
Fire Magic     | 6 12 17 | 17.5
Ice Magic      | 6 12 17 | 17.5
Air Magic      | 7 13 18 | 18.8
Earth Magic    | 7 13 18 | 18.8
Poison Magic   | 8 14 20 | 20.2
Evocations     | 10 17 24 | 24.8

Action                   |  1- 3 |  4- 6 |  7- 9 | 10-12 | 13-15 | 16-18 | 19-21 | 22-24 | 25-27 || total
-------------------------+-------+-------+-------+-------+-------+-------+-------+-------+-------++-------
Melee: Broad axe         |     1 |       |       |     2 |     2 |     3 |     8 |     4 |    10 ||    30
 Stab: Distracted        |       |       |       |       |       |       |     1 |       |       ||     1
Dodge: Dodged            |       |       |       |       |       |       |     1 |     1 |     6 ||     8

Table legend: (Time is in decaauts)
 A = Elapsed time spent in this place.
 B = Non-inter-level travel time spent in this place.
 C = Inter-level travel time spent in this place.
 D = Time resting spent in this place.
 E = Time spent auto-exploring this place.
 F = Levels seen in this place.
 G = Mean time per level.
                   A        B        C        D        E       F      G
               +--------+--------+--------+--------+--------+-----+--------+
         Total |     47 |     47 |      0 |      0 |      0 |   1 |   47.0 |
       Dungeon |     47 |     47 |      0 |      0 |      0 |   1 |   47.0 |
               +--------+--------+--------+--------+--------+-----+--------+

Top non-repeatable levels by time:
       D: 47 daAuts
